 Dungeon Crawl Stone Soup version 0.28-a0-662-g1651b1f1e0 (webtiles) character file.

Game seed: 9124138555829069075

19212 siradein the Nimble (level 12, -12/74 HPs)
             Began as a Merfolk Summoner on Oct 15, 2021.
             Was an Elder of Makhleb.
             Killed from afar by a fire giant (39 damage)
             ... with a fireball
             ... on level 9 of the Dungeon.
             The game lasted 00:37:47 (14078 turns).

siradein the Nimble (Merfolk Summoner)             Turns: 14078, Time: 00:37:47

Health: -12/74     AC: 10    Str: 10    XL:     12   Next: 66%
Magic:  12/26      EV: 16    Int: 24    God:    Makhleb [****..]
Gold:   567        SH:  3    Dex: 14    Spells: 18/31 levels left

rFire   . . .      SeeInvis .   z - +0 trident (venom)
rCold   . . .      Faith    .   i - +0 buckler
rNeg    . . .      Spirit   .   s - +1 robe {Archmagi}
rPois   .          Reflect  .   (no helmet)
rElec   .          Harm     .   x - +0 cloak
rCorr   .          Rampage  .   B - +0 pair of gloves
Will    .....      Archmagi +   u - +0 pair of boots
Stlth   ++........              v - amulet of regeneration
HPRegen 1.22/turn               o - +4 ring of protection
MPRegen 0.20/turn               D - +6 ring of intelligence

@: studying Spellcasting
A: (nimble swimmer 2), mertail
a: Renounce Religion, Minor Destruction, Lesser Servant of Makhleb, Major
Destruction


You were on level 9 of the Dungeon.
You worshipped Makhleb.
Makhleb was greatly pleased with you.
You visited 2 branches of the dungeon, and saw 12 of its levels.

You collected 567 gold pieces.

Inventory:

Hand Weapons
 z - a +0 trident of venom (weapon)
Missiles
 E - 2 throwing nets
Armour
 i - a +0 buckler (worn)
 s - a +1 robe of the Archmagi (worn)
 u - a +0 pair of boots (worn)
 x - a +0 cloak (worn)
 B - a +0 pair of gloves (worn)
Jewellery
 f - a +4 ring of evasion
 o - a +4 ring of protection (left hand)
 v - an amulet of regeneration (around neck)
 A - the ring of Thoughtfulness {Fly rC++ MP+9}
   (You found it on level 5 of the Dungeon)

   [ring of magical power]

   rC:        It greatly protects you from cold.
   MP:        It affects your magic capacity (+9).
   Fly:       It grants you flight.
 D - a +6 ring of intelligence (right hand)
 H - a +6 ring of strength
Wands
 e - a wand of paralysis (13)
 k - a wand of polymorph (1)
 G - a wand of charming (10)
 I - a wand of mindburst (9)
 N - a wand of flame (11)
 O - a wand of digging (6)
Scrolls
 c - 10 scrolls of teleportation
 g - 2 scrolls of fog
 h - 3 scrolls of blinking
 m - 2 scrolls of magic mapping
 n - 2 scrolls of immolation
 p - 2 scrolls of amnesia
 t - a scroll of enchant armour {unknown}
 w - a scroll of vulnerability {unknown}
 y - a scroll of enchant weapon {unknown}
 L - 4 scrolls of holy word {unknown}
 P - a scroll of identify
Potions
 a - 2 potions of curing
 b - a potion of haste {unknown}
 d - 4 potions of magic
 j - 3 potions of mutation {unknown}
 l - a potion of heal wounds
 q - 3 potions of attraction {unknown}
 r - a potion of invisibility {unknown}
 C - 3 potions of flight {unknown}
 F - 4 potions of brilliance {unknown}
 J - a potion of cancellation {unknown}
 M - a potion of lignification {unknown}
Miscellaneous
 K - a phial of floods


   Skills:
 + Level 10.3 Polearms
 + Level 11.0 Dodging
 - Level 2.1 Stealth
 + Level 10.1 Spellcasting
 + Level 6.1 Hexes
 + Level 9.2 Summonings
 - Level 4.6 Air Magic
 + Level 7.8 Invocations
 + Level 7.1 Evocations


You had 18 spell levels left.
You knew the following spells:

 Your Spells              Type           Power      Damage    Failure   Level
a - Summon Small Mammal   Summ           100%       N/A       1%          1
b - Call Imp              Summ           71%        N/A       1%          2
c - Call Canine Familiar  Summ           71%        N/A       1%          3
d - Summon Guardian Gole  Hex/Summ       65%        N/A       1%          3
e - Summon Lightning Spi  Summ/Air       62%        N/A       4%          4

Your spell library contained the following spells:

 Spells                   Type           Power      Damage    Failure   Level
 Cause Fear               Hex            29%        N/A       7%          4
 Inner Flame              Hex/Fire       40%        N/A       8%          3
 Beastly Appendage        Tmut           36%        N/A       9%          1
 Foxfire                  Conj/Fire      72%        2x1d7     9%          1
 Blink                    Tloc           N/A        N/A       13%         2
 Wereblood                Tmut           18%        N/A       13%         2
 Conjure Flame            Conj/Fire      18%        6-21      26%         3
 Lesser Beckoning         Tloc           18%        N/A       26%         3
 Spider Form              Tmut/Pois      9%         N/A       26%         3
 Flame Wave               Conj/Fire      18%        3d5       65%         4
 Fireball                 Conj/Fire      9%         3d6       94%         5
 Iskenderun's Battlesphe  Conj           18%        2d7       94%         5
 Manifold Assault         Tloc           18%        N/A       94%         5
 Conjure Ball Lightning   Conj/Air       17%        3x3d6     99%         6
 Orb of Destruction       Conj           9%         9d4       100%        7
 Discord                  Hex            29%        N/A       100%        8


Dungeon Overview and Level Annotations

Branches:
Dungeon (11/15)            Temple (1/1) D:4            Lair (0/6) D:8
    Orc (0/2) D:9

Altars:
Ashenzari
Cheibriados
Dithmenos
Elyvilon
Fedhas
Gozag
Hepliaklqana
Kikubaaqudgha
Makhleb
Nemelex Xobeh
Okawaru
Qazlal
Ru
Sif Muna
Trog
Uskayaw
Vehumet
Wu Jian
Xom
Yredelemnul
Zin
The Shining One


Innate Abilities, Weirdness & Mutations

((You are quick and stealthy near water. (Stealth+, EV+, Speed+++)))
Your lower body shifts to a powerful aquatic tail in water.


Message History

The bolt of fire hits you!! The bolt of fire hits your warg!!
Your warg dies!
Your warg's corpse disappears in a puff of smoke!
Your lightning spire shoots out a bolt of lightning at the fire giant!
The bolt of electricity hits the fire giant!
Casting: Call Canine Familiar (safe; 1% risk of failure)
Press: ? - help, Q - select action, (/) - cycle Dir - look around, f - activate You feel a surge of power!
Unknown command.
You swap places.
Your warg bites the fire giant but does no damage.
You could not reach far enough!
Your warg bites the fire giant!
The fire giant casts a spell at you. The bolt of fire hits your warg!!!
Your warg dies!
Your warg's corpse disappears in a puff of smoke!
The bolt of fire hits you!!
Casting: Call Canine Familiar (safe; 1% risk of failure)
Press: ? - help, Q - select action, (/) - cycle Dir - look around, f - activate You feel a surge of power!
Unknown command.
Your lightning spire shoots out a bolt of lightning at the fire giant!
The bolt of electricity hits the fire giant!
The bolt of electricity hits the fire giant!!
The bolt of electricity hits your lightning spire.
Your lightning spire completely resists.
Your warg bites the fire giant but does no damage.
The fire giant casts a spell at your warg.
The bolt of fire hits your warg!!!
Your warg dies!
Your warg's corpse disappears in a puff of smoke!
You smell burning wood.
Casting: Call Canine Familiar (safe; 1% risk of failure)
Press: ? - help, Q - select action, (/) - cycle Dir - look around, f - activate You feel a surge of power!
The fire giant shouts!
The fire giant gestures at you while chanting.
The fireball explodes!
The fireball engulfs you!!!
Ouch! That really hurt!
You die...

.......).....♣#.♣.♣
#........##
.♣♣♣♣♣♣♣♣♣♣♣.♣#.♣.♣.#........#
.♣ ♣)♣#...C.####.###.#### .♣
♣.♣#.###.# #.##...... .♣
♣.♣##...# #)##...... .♣
♣.♣##.8.## #.##..)... .♣
♣..[.C⌠..####.##...<.. .♣
♣.♣##..h##....##....†. .♣ ♣.♣
#@..#####.##...<.. .♣
♣.♣#.###.# #.##....(. .♣ ..♣#.
.# #.##...... .♣♣♣♣♣♣♣ ♣♣♣#.
.# #.##....## .......♣ #.
#.##....#8 ♣♣♣♣♣♣.♣ #♣
####)######## ##♣.♣##
#######....# #
♣♣♣♣.(...♣♣♣♣♣#....?#.##.# ##
.♣♣.#####.♣♣.♣♣.♣♣♣.#.##.# #8


You could see a fire giant (ally target), a friendly warg (summoned) and a
friendly lightning spire (summoned).

Vanquished Creatures
  A two-headed ogre (D:11)
  A cyclops (D:10)
  3 kobold demonologists
  A komodo dragon (D:10)
  A merfolk (D:9)
  A wyvern (D:9)
  A yak (D:9)
  A steam dragon (D:9)
  Eustachio (D:3)
  Menkaure (D:6)
  An acid dragon (D:9)
  A water moccasin (D:7)
  2 orc warriors
  A black bear (D:8)
  An ogre (D:5)
  A necrophage (D:6)
  4 centaurs
  A kobold brigand (D:9)
  4 bullfrogs
  2 water moccasin skeletons (D:5)
  A killer bee (D:10)
  2 wights (D:7)
  A howler monkey (D:7)
  2 bullfrog zombies
  2 centaur zombies
  A gnoll shaman (D:6)
  5 hounds
  An orc priest (D:4)
  2 jellies (D:5)
  3 iguanas
  Jessica (D:3)
  2 orc wizards
  A mummy (D:6)
  5 gnolls
  4 adders
  2 white imps
  A worm (D:2)
  10 orcs
  6 endoplasms
  2 giant cockroaches (D:2)
  12 goblins
  7 hobgoblins
  4 jackals (D:1)
  4 quokkas
  3 ball pythons
  A bat (D:2)
  7 kobolds
  A rat (D:2)
123 creatures vanquished.

Vanquished Creatures (collateral kills)
  Snorg (D:10)
  2 hydras
  A two-headed ogre (D:9)
  A tengu warrior (D:9)
  A manticore (D:11)
  2 cyclopes (D:11)
  A hornet (D:9)
  3 slime creatures (D:11)
  3 wraiths
  3 shadows
  2 wyverns (D:9)
  A nameless horror (D:9)
  Grum (D:9)
  4 yaks
  2 vampire mosquitoes (D:8)
  3 water moccasins
  6 orc warriors
  3 sky beasts
  A black bear (D:5)
  4 ogres
  3 wolves
  3 centaurs
  A phantom (D:6)
  2 bullfrogs
  2 kobold brigands
  A wyvern zombie (D:8)
  A gnoll sergeant (D:9)
  A scorpion (D:5)
  2 killer bees (D:10)
  4 wights
  A hound (D:4)
  A jelly (D:5)
  Crazy Yiuf (D:7)
  A bullfrog skeleton (D:4)
  3 centaur zombies
  3 orc priests
  2 centaur skeletons (D:7)
  A jelly (shapeshifter) (D:9)
  Terence (D:3)
  7 orc wizards
  Robin (D:2)
  2 howler monkey zombies
  2 gnolls (D:3)
  4 adders
  A shadow imp (D:5)
  An ufetubus (D:5)
  2 dart slugs (D:5)
  18 orcs
  A ball python (D:4)
  An endoplasm (D:4)
  A hobgoblin (D:2)
  7 kobolds
  A quokka (D:5)
128 creatures vanquished.

Vanquished Creatures (others)
  A frost giant (D:9)
  A hydra (D:9)
  A death knight (D:9)
  A slime creature (D:11)
  A cyclops (D:11)
  A gnoll sergeant (D:9)
6 creatures vanquished.

Grand Total: 257 creatures vanquished

Notes
Turn   | Place    | Note
-------+----------+-------------------------------------------
     0 | D:1      | siradein the Merfolk Summoner began the quest for the Orb.
     0 | D:1      | Reached XP level 1. HP: 13/13 MP: 3/3
   132 | D:1      | Found a faded altar of an unknown god.
   356 | D:1      | Reached skill level 3 in Dodging
   521 | D:1      | Reached XP level 2. HP: 19/19 MP: 5/5
   562 | D:1      | Learned a level 2 spell: Call Imp
  1686 | D:2      | Reached XP level 3. HP: 24/24 MP: 6/6
  2147 | D:2      | Noticed Robin
  2952 | D:2      | Killed Robin
  2953 | D:2      | Reached skill level 4 in Dodging
  2953 | D:2      | Reached XP level 4. HP: 17/30 MP: 5/8
  2960 | D:2      | Learned a level 3 spell: Call Canine Familiar
  3454 | D:3      | Noticed Terence
  3475 | D:3      | Killed Terence
  3741 | D:3      | Noticed Jessica
  3748 | D:3      | Killed Jessica
  3749 | D:3      | Reached XP level 5. HP: 19/35 MP: 9/9
  3903 | D:3      | Found a sparkling altar of Nemelex Xobeh.
  4505 | D:3      | Reached skill level 5 in Summonings
  4570 | D:3      | Reached skill level 5 in Dodging
  4777 | D:4      | Noticed Eustachio
  4946 | D:3      | Killed Eustachio
  4947 | D:3      | Reached XP level 6. HP: 33/41 MP: 11/11
  5106 | D:4      | Found a glowing silver altar of Zin.
  5329 | D:4      | Found a staircase to the Ecumenical Temple.
  5342 | Temple   | Entered the Ecumenical Temple
  5413 | Temple   | Became a worshipper of Makhleb the Destroyer
  5471 | D:4      | Reached skill level 1 in Polearms
  5471 | D:4      | Reached XP level 7. HP: 32/46 MP: 13/13
  6114 | D:4      | Reached skill level 6 in Dodging
  6114 | D:4      | Reached skill level 1 in Invocations
  6409 | D:5      | Entered Level 5 of the Dungeon
  6431 | D:5      | Found an opulent altar of Gozag.
  6441 | D:5      | Reached skill level 1 in Evocations
  6951 | D:5      | Reached XP level 8. HP: 52/52 MP: 14/14
  7212 | D:5      | Reached skill level 5 in Spellcasting
  7305 | D:5      | Reached skill level 7 in Dodging
  7362 | D:5      | Reached * piety under Makhleb
  7490 | D:5      | Identified the ring of Thoughtfulness {Fly rC++ MP+9}
  7849 | D:6      | Found a snail-covered altar of Cheibriados.
  7960 | D:6      | Noticed Menkaure
  7968 | D:6      | Killed Menkaure
  7969 | D:6      | Reached XP level 9. HP: 53/57 MP: 17/17
  7977 | D:6      | Learned a level 3 spell: Summon Guardian Golem
  7982 | D:6      | Learned a level 4 spell: Summon Lightning Spire
  8029 | D:6      | Reached skill level 5 in Polearms
  8175 | D:6      | Reached skill level 1 in Hexes
  8251 | D:6      | Found a bloodstained altar of Trog.
  8307 | D:6      | Reached skill level 1 in Air Magic
  8610 | D:6      | Reached skill level 8 in Dodging
  8829 | D:7      | Reached ** piety under Makhleb
  8903 | D:7      | Found a radiant altar of Vehumet.
  9056 | D:7      | Found a runed translucent door.
  9057 | D:7      | Noticed Crazy Yiuf
  9333 | D:7      | Reached XP level 10. HP: 49/63 MP: 20/20
  9657 | D:7      | Killed Crazy Yiuf
  9866 | D:8      | Reached skill level 5 in Invocations
 10049 | D:8      | Found a staircase to the Lair.
 10414 | D:9      | Noticed Grum
 10511 | D:9      | Killed Grum
 10512 | D:9      | Reached skill level 9 in Dodging
 10585 | D:9      | Reached skill level 5 in Evocations
 10809 | D:9      | Noticed a two-headed ogre
 10825 | D:9      | Killed a two-headed ogre
 10826 | D:9      | Reached XP level 11. HP: 48/68 MP: 23/23
 11183 | D:9      | Found a staircase to the Orcish Mines.
 11223 | D:9      | Reached *** piety under Makhleb
 11290 | D:9      | Noticed a frost giant
 11290 | D:9      | Noticed a death knight
 11290 | D:9      | Noticed an eight-headed hydra
 11290 | D:9      | Noticed a tengu warrior
 11329 | D:10     | Entered Level 10 of the Dungeon
 11424 | D:10     | Noticed Snorg
 11432 | D:10     | Killed Snorg
 11481 | D:10     | Noticed a cyclops
 11500 | D:10     | Killed a cyclops
 11736 | D:10     | Reached skill level 10 in Dodging
 12371 | D:11     | Noticed a two-headed ogre
 12387 | D:11     | HP: 2/68 [two-headed ogre (10)]
 12388 | D:11     | Killed a two-headed ogre
 12588 | D:11     | Reached skill level 5 in Hexes
 12611 | D:11     | Noticed a cyclops
 12612 | D:11     | Noticed a cyclops
 12619 | D:11     | Killed a cyclops
 12708 | D:11     | Identified the +2 chain mail of Ydisituu {rPois rN+}
 12754 | D:11     | Noticed an eight-headed hydra
 12767 | D:11     | Killed an eight-headed hydra
 12768 | D:11     | Reached XP level 12. HP: 74/74 MP: 9/25
 12959 | D:11     | Identified the +3 dagger "Erchumez" {vorpal, Str+2}
 13520 | D:9      | Killed an eight-headed hydra
 13549 | D:9      | Killed a tengu warrior
 13564 | D:9      | Killed a death knight
 13565 | D:9      | Reached skill level 10 in Polearms
 13719 | D:9      | Killed a frost giant
 13719 | D:9      | Reached **** piety under Makhleb
 13720 | D:9      | Reached skill level 10 in Spellcasting
 13874 | D:9      | Noticed a five-headed hydra
 13884 | D:9      | Killed a five-headed hydra
 13885 | D:9      | Reached skill level 11 in Dodging
 14067 | D:9      | Noticed a fire giant
 14078 | D:9      | Killed from afar by a fire giant

Illustrated notes

Levels and vault maps discovered:
D:1:      saegor_arrival_simple_e, layout_basic, ebering_ecumenical_altar_mist,
          minmay_misc_feat_diagonals, chequers_big_river, item_on_display_a
D:2:      layout_basic, nrook_campfire, uniq_robin
D:3:      layout_basic, nicolae_overflow_crystal_walls, uniq_jessica,
          uniq_terence
D:4:      layout_basic, mainiacjoe_overflow_catwalk,
          minmay_temple_entry_large_hall, uniq_eustachio
D:5:      minmay_bubble_buster, layout_loops_ring, lemuel_doored_altar,
          minmay_manual_mess
D:6:      kennysheep_spiral_hall, layout_basic, slow_altar_2,
          mainiacjoe_overflow_alcove_4, uniq_menkaure
D:7:      layout_basic, mainiacjoe_overflow_cross_hatched,
          uniq_crazy_yiuf_cottage
D:8:      black_bear_nest_2, layout_cave_pools, lair_entry_dummy
D:9:      nzn_winding_woodlands_large [nzn_winding_woodlands_5x5_default,
          nzn_winding_woodlands_5x15_cabin, nzn_winding_woodlands_5x5_perimeter,
          nzn_winding_woodlands_center_lodge,
          nzn_winding_woodlands_15x15_boxy_spiral,
          nzn_winding_woodlands_center_pierced_h,
          nzn_winding_woodlands_5x5_open_star,
          nzn_winding_woodlands_5x15_longhouse,
          nzn_winding_woodlands_5x5_default], layout_rooms, serial_corexii_hall,
          corexii_hall_statues_l, corexii_hall_statues_i, hangedman_fish_farm,
          uniq_grum
D:10:     layout_irregular_city, uniq_snorg
D:11:     layout_loops_cross
Temple:   nicolae_temple_x_marks_the_god

Skill      XL: |  1  2  3  4  5  6  7  8  9 10 11 12 |
---------------+-------------------------------------+-----
Dodging        | 3 4 5 6 7 8 9 10 11 | 11.0
Spellcasting   | 3 4 5 7 8 9 10 | 10.1
Summonings     | 5 6 7 8 9 |  9.2
Polearms       | 1 3 4 6 7 9 10 | 10.3
Invocations    | 2 3 4 5 7 |  7.8
Evocations     | 2 3 4 5 6 7 |  7.1
Hexes          | 2 3 5 6 |  6.1
Air Magic      | 2 3 4 |  4.6
Stealth        | |  2.1

Action                   |  1- 3 |  4- 6 |  7- 9 | 10-12 || total
-------------------------+-------+-------+-------+-------++-------
Melee: Whip              |    95 |    94 |       |       ||   189
       Mace              |     1 |       |       |       ||     1
       Trident           |       |    18 |   353 |   290 ||   661
 Cast: Call Imp          |     5 |    12 |     8 |       ||    25
       Call Canine Famil |       |       |    32 |    44 ||    76
       Summon Lightning  |       |       |       |    35 ||    35
       Summon Guardian G |       |       |       |    12 ||    12
  Use: Scroll            |       |     7 |     2 |     1 ||    10
       Potion            |       |       |     1 |     1 ||     2
 Stab: Sleeping          |     2 |     4 |     9 |     2 ||    17
       Distracted        |       |     1 |     2 |     3 ||     6
Armor: Leather armour    |    26 |     5 |       |       ||    31
       Skin              |     1 |       |       |       ||     1
       Robe              |       |    26 |    92 |    57 ||   175
Dodge: Dodged            |    51 |   104 |   256 |   219 ||   630
Block: Buckler           |    13 |    17 |    41 |    36 ||   107

Table legend: (Time is in decaauts)
 A = Elapsed time spent in this place.
 B = Non-inter-level travel time spent in this place.
 C = Inter-level travel time spent in this place.
 D = Time resting spent in this place.
 E = Time spent auto-exploring this place.
 F = Levels seen in this place.
 G = Mean time per level.
                   A        B        C        D        E       F      G
               +--------+--------+--------+--------+--------+-----+--------+
         Total |  14186 |  13602 |    584 |    829 |   9952 |  12 | 1182.2 |
       Dungeon |  14108 |  13524 |    584 |    829 |   9906 |  11 | 1282.5 |
        Temple |     77 |     77 |      0 |      0 |     46 |   1 |   77.0 |
               +--------+--------+--------+--------+--------+-----+--------+

Top non-repeatable levels by time:
     D:1: 1867 daAuts
     D:3: 1692 daAuts
     D:2: 1577 daAuts
     D:9: 1530 daAuts
     D:5: 1406 daAuts
     D:4: 1233 daAuts
    D:10: 1113 daAuts
     D:7: 1046 daAuts
    D:11: 1008 daAuts
     D:6: 930 daAuts
     D:8: 702 daAuts
  Temple: 77 daAuts
